 Dungeon Sprint DCSS version 0.27-a0-1046-g98bf31544f (webtiles) character file.

Game seed: 7596757164015352808

1869 mhtbhm the Arsonist (level 8, -3/41 HPs)
             Began as a Deep Elf Fire Elementalist on Apr 19, 2021.
             Was a High Priest of Vehumet.
             Slain by a +2 halberd of freezing (4 damage)
             ... in the Dungeon (Sprint V: "Ziggurat Sprint").
             The game lasted 00:03:36 (359 turns).

mhtbhm the Arsonist (Deep Elf Fire Elementalist)     Turns: 359, Time: 00:03:36

Health: -3/41      AC:  8    Str:  5    XL:     8   Next: 90%
Magic:  21/26      EV: 16    Int: 35    God:    Vehumet [*****.]
Gold:   0          SH:  0    Dex: 15    Spells: 15/31 levels left

rFire    + . .     SeeInvis .   C - +8 lance "Wyrmbane" {slay drac, rPois rF+ rC+ AC+3}
rCold    + . .     Faith    +   (no shield)
rNeg     . . .     Spirit   .   a - +0 robe
rPois    +         Reflect  .   (no helmet)
rElec    .         Harm     .   (no cloak)
rCorr    .         Rampage  +   (no gloves)
Will     +++..     NoTele   +   x - +2 pair of boots {rampage}
Stlth    ++++......             s - amulet "Kodgh" {Faith Will+ Int+3}
HPRegen  0.13/turn              u - +6 ring of intelligence
MPRegen  0.20/turn              w - ring of the Mage {Wiz Will++ Int+3}

@: no status effects
A: no striking features
a: Renounce Religion


You were in the Dungeon.
You worshipped Vehumet.
Vehumet was extremely pleased with you.
You visited 1 branch

Inventory:

Hand Weapons
 C - the +8 lance "Wyrmbane" (weapon) {slay drac, rPois rF+ rC+ AC+3}
   (You found it in the Dungeon)

   It affects your AC (+3).
   It protects you from fire.
   It protects you from cold.
   It protects you from poison.
Armour
 a - a +0 robe (worn)
 v - the +2 shield of Resistance {rF++ rC++ Will++}
   (You found it in the Dungeon)

   It greatly protects you from fire.
   It greatly protects you from cold.
   It greatly increases your willpower.
 x - a +2 pair of boots of rampaging (worn)
Jewellery
 s - the amulet "Kodgh" (around neck) {Faith Will+ Int+3}
   (You found it in the Dungeon)

   [amulet of faith]

   It allows you to gain divine favour quickly.
   It affects your intelligence (+3).
   It increases your willpower.
 u - a +6 ring of intelligence (left hand)
 w - the ring of the Mage (right hand) {Wiz Will++ Int+3}
   (You found it in the Dungeon)

   [ring of wizardry]

   It improves your spell success rate.
   It affects your intelligence (+3).
   It greatly increases your willpower.
Wands
 y - a wand of mindburst (3)
 A - a wand of acid (5)
Scrolls
 h - 4 scrolls of blinking
 m - 4 scrolls of amnesia
 n - 7 scrolls of fog
 o - a scroll of holy word
 p - 5 scrolls of identify
 q - 2 scrolls of fear
 z - a scroll of brand weapon
Potions
 b - 2 potions of brilliance
 c - 10 potions of curing
 d - 9 potions of heal wounds
 e - 6 potions of haste
 f - 7 potions of magic
 g - 3 potions of berserk rage
 i - 2 potions of invisibility
 j - 4 potions of resistance
 k - a potion of experience
 l - 5 potions of might
Miscellaneous
 r - a phantom mirror
 t - a tin of tremorstones (1/2)
 B - a lightning rod (4/4)
 D - a box of beasts


   Skills:
 + Level 8.4 Dodging
 - Level 7.5 Stealth
 + Level 12.4 Spellcasting
 + Level 5.2 Conjurations
 + Level 14.8 Fire Magic
 + Level 4.8 Evocations


You had 15 spell levels left.
You knew the following spells:

 Your Spells              Type           Power      Damage    Failure   Level
a - Foxfire               Conj/Fire      100%       2x1d9     1%          1
b - Conjure Flame         Conj/Fire      75%        6-21      1%          3
c - Inner Flame           Hex/Fire       65%        N/A       1%          3
d - Sticky Flame          Conj/Fire      75%        2d9       1%          4
e - Fireball              Conj/Fire      37%        3d15      1%          5

Your spell library contained the following spells:

 Spells                   Type           Power      Damage    Failure   Level
 Static Discharge         Conj/Air       39%        N/A       1%          2
 Animate Skeleton         Necr           42%        N/A       1%          1
 Corona                   Hex            23%        N/A       1%          1
 Magic Dart               Conj           100%       1d8       1%          1
 Pain                     Necr           84%        1d8       1%          1
 Sting                    Tmut/Pois      84%        1d7       1%          1
 Searing Ray              Conj           100%       3d7       1%          2
 Dazzling Flash           Conj/Hex       78%        N/A       1%          3
 Fulminant Prism          Conj/Hex       19%        3d11      1%          4
 Iskenderun's Mystic Bla  Conj/Tloc      39%        2d9       1%          4
 Vampiric Draining        Necr           10%        2d7       2%          3
 Animate Dead             Necr           10%        N/A       8%          4
 Petrify                  Tmut/Erth      21%        N/A       8%          4
 Agony                    Necr           21%        N/A       21%         5
 Metabolic Englaciation   Hex/Ice        10%        N/A       21%         5
 Statue Form              Tmut/Erth      14%        N/A       71%         6


Dungeon Overview and Level Annotations

Branches:
Dungeon (1/1)

Altars:
Ashenzari
Cheibriados
Dithmenos
Elyvilon
Fedhas
Gozag
Hepliaklqana
Kikubaaqudgha
Makhleb
Nemelex Xobeh
Okawaru
Qazlal
Ru
Sif Muna
Trog
Uskayaw
Vehumet
Wu Jian
Xom
Yredelemnul
Zin
The Shining One
Beogh
Jiyva
Lugonu


Message History

The deep elf archer wields a staff of fire.
The deep elf knight picks up a scroll of brand weapon.
The deep elf pyromancer picks up a ring of resist corrosion.
The deep elf pyromancer puts on a ring of resist corrosion.
Found four items.
Okay, then.
Cast which spell? (? or * to list)
Aiming: Fireball (safe; 1% risk of failure)
Press: ? - help, Shift-Dir - straight line, f - +2 halberd of freezing
Aim: a +2 halberd of freezing (wandering, hasn't noticed you)
The fireball explodes!
The fireball engulfs the +2 halberd of freezing.
The +2 halberd of freezing resists.
The +2 halberd of freezing is lightly damaged.
The fireball engulfs the deep elf zephyrmancer!!
The deep elf zephyrmancer is severely wounded.
The deep elf zephyrmancer shouts!
The fireball engulfs the deep elf elementalist!!
The deep elf elementalist is heavily wounded.
The fireball engulfs the deep elf archer!
The deep elf archer resists.
The deep elf archer is moderately wounded.
The deep elf elementalist points at you and mumbles some strange words.
The fireball explodes!
The fireball engulfs you! You resist.
Unknown command.
Unknown command.
The tremorstone explodes into fragments!
The burst of rock shards engulfs the +2 halberd of freezing.
The burst of rock shards engulfs you!
The burst of rock shards engulfs the +2 halberd of freezing!
The burst of rock shards engulfs the deep elf zephyrmancer!
The burst of rock shards engulfs the deep elf archer!
The deep elf knight casts a spell.
The deep elf knight seems to speed up.
You feel much better.
The +2 halberd of freezing hits you from afar!!
Ouch! That really hurt!
* * * LOW HITPOINT WARNING * * *
The +2 halberd of freezing freezes you.
You die...

▓...|...▓
▓..[e}..▓
▓....e..▓
▓..eee..▓
▓.......▓
...(...
▓.▓...▓.▓
▓...@...▓
▓▓▓▓▓▓▓▓▓


You could see a deep elf elementalist (repels missiles), a deep elf archer
(repels missiles), a deep elf knight (fast), a deep elf pyromancer, a deep elf
zephyrmancer and a +2 halberd of freezing.

Vanquished Creatures
  A large abomination (D)
  An ancient zyme (D)
  2 slime creatures (D)
  A spriggan (D)
  3 black bears (D)
  A small abomination (D)
  2 scorpions (D)
  A crimson imp (D)
  A quasit (D)
  2 iron imps (D)
  3 orc priests (D)
  A jelly (D)
  3 shadow imps (D)
  An ufetubus (D)
  An orc (D)
24 creatures vanquished.

Vanquished Creatures (others)
  A foxfire (D)
1 creature vanquished.

Grand Total: 25 creatures vanquished

Notes
Turn   | Place    | Note
-------+----------+-------------------------------------------
     0 | D        | mhtbhm the Deep Elf Fire Elementalist began the quest for
                  | the Orb.
     0 | D        | Reached XP level 1. HP: 10/10 MP: 6/6
     0 | D        | Found a shimmering blue altar of Sif Muna.
     0 | D        | Found a bloodstained altar of Trog.
     0 | D        | Found a sacrificial altar of Ru.
     0 | D        | Found a stormy altar of Qazlal.
     0 | D        | Found an iron altar of Okawaru.
     1 | D        | Found a sparkling altar of Nemelex Xobeh.
     1 | D        | Found a blossoming altar of Fedhas.
     2 | D        | Found the +6 Majin-Bo {vamp, MP+6 Int+6}
     2 | D        | Found the +9 heavy crossbow "Sniper" {vorpal, Acc+∞ SInv}
     2 | D        | Found the +10 dark maul {vorpal}
     2 | D        | Found the +15 Maxwell's patent armour {-Cast -Tele rElec
                  | Will+ rCorr}
     2 | D        | Found the +18 shield of the Gong {rElec rN+ Will+ EV-5}
     2 | D        | Found the +14 obsidian axe {vorpal, Drain Fly SInv}
     2 | D        | Found the +7 great mace "Firestarter" {inner flame, rF++}
     2 | D        | Found the +6 shillelagh "Devastator" {shatter}
     2 | D        | Found the +11 plutonium sword {Contam Stlth-}
     2 | D        | Found the +8 lance "Wyrmbane" {slay drac, rPois rF+ rC+
                  | AC+3}
     2 | D        | Found the +9 sword of Zonguldrok {reap}
     2 | D        | Found the +13 scythe of Curses {drain, Drain}
     2 | D        | Found the +5 sword of Power {vorpal}
     2 | D        | Found the +7 mace of Variability {chain chaos}
     2 | D        | Found the +7 Singing Sword {vorpal, sonic wave}
     2 | D        | Found the +8 storm bow {elec, penet}
     3 | D        | Found a transporter.
     3 | D        | Found an ancient bone altar of Kikubaaqudgha.
     3 | D        | Found a viscous altar of Jiyva.
     3 | D        | Found a corrupted altar of Lugonu.
     3 | D        | Found a hazy altar of Hepliaklqana.
     3 | D        | Found a burning altar of Makhleb.
     3 | D        | Found an opulent altar of Gozag.
    20 | D        | Became a worshipper of Vehumet
    49 | D        | Entered arena 2.
    49 | D        | Noticed a scorpion
    49 | D        | Noticed a scorpion
    49 | D        | Found a transporter.
    50 | D        | Killed a scorpion
    51 | D        | Reached skill level 5 in Spellcasting
    51 | D        | Reached skill level 7 in Fire Magic
    51 | D        | Reached XP level 2. HP: 15/15 MP: 7/10
    51 | D        | Reached XP level 3. HP: 19/19 MP: 7/11
    52 | D        | Killed a scorpion
    53 | D        | Reached skill level 8 in Fire Magic
    53 | D        | Reached XP level 4. HP: 24/24 MP: 7/14
    57 | D        | Learned a level 3 spell: Conjure Flame
    61 | D        | Learned a level 3 spell: Inner Flame
    66 | D        | Learned a level 4 spell: Sticky Flame
   105 | D        | Entered arena 3.
   105 | D        | Noticed a slime creature
   105 | D        | Noticed a slime creature
   105 | D        | Found a transporter.
   107 | D        | Reached * piety under Vehumet
   107 | D        | Offered knowledge of Magic Dart by Vehumet.
   108 | D        | Reached skill level 9 in Fire Magic
   108 | D        | Reached XP level 5. HP: 28/28 MP: 16/16
   111 | D        | Killed a slime creature
   112 | D        | Reached skill level 5 in Stealth
   112 | D        | Reached skill level 10 in Fire Magic
   112 | D        | Reached XP level 6. HP: 32/32 MP: 17/19
   115 | D        | Killed a slime creature
   116 | D        | Reached skill level 12 in Fire Magic
   122 | D        | Learned a level 5 spell: Fireball
   154 | D        | Entered arena 4.
   154 | D        | Found a transporter.
   155 | D        | Reached ** piety under Vehumet
   156 | D        | Reached XP level 7. HP: 36/36 MP: 18/22
   163 | D        | Got the amulet "Kodgh" {Faith Will+ Int+3}
   200 | D        | Entered arena 5.
   200 | D        | Noticed a spriggan
   200 | D        | Found a transporter.
   201 | D        | Found the ring of the Mage {Wiz Will++ Int+3}
   201 | D        | Reached *** piety under Vehumet
   202 | D        | Reached skill level 10 in Spellcasting
   202 | D        | Killed a spriggan
   202 | D        | Reached **** piety under Vehumet
   203 | D        | Reached skill level 13 in Fire Magic
   203 | D        | Reached XP level 8. HP: 41/41 MP: 17/24
   212 | D        | Got Sif Muna's Catalogue of Bewitching Transmigration
   239 | D        | Entered arena 6.
   239 | D        | Noticed a large abomination
   239 | D        | Found a transporter.
   240 | D        | Found the +2 shield of Resistance {rF++ rC++ Will++}
   240 | D        | Offered knowledge of Static Discharge by Vehumet.
   241 | D        | Killed a large abomination
   242 | D        | Reached skill level 14 in Fire Magic
   243 | D        | Reached ***** piety under Vehumet
   290 | D        | Entered arena 7.
   290 | D        | Noticed an ancient zyme
   294 | D        | Killed an ancient zyme
   295 | D        | Reached skill level 5 in Conjurations
   298 | D        | Found a transporter.
   356 | D        | Entered arena 8.
   356 | D        | Noticed a deep elf pyromancer
   356 | D        | Noticed a deep elf zephyrmancer
   356 | D        | Noticed a deep elf knight
   356 | D        | Noticed a +2 halberd of freezing
   356 | D        | Noticed a deep elf archer
   356 | D        | Noticed a deep elf elementalist
   359 | D        | HP: 1/41 [+2 halberd of freezing (29)]
   359 | D        | Slain by a +2 halberd of freezing

Illustrated notes

Levels and vault maps discovered:
D:        sprint_v [room_start, room_1, room_2, room_3, room_4, room_5, room_6,
          room_7, room_8, room_9, room_10, room_11, room_12, room_13, room_14,
          room_15, room_16, room_17, room_18, room_19, room_20, room_21,
          room_22, room_23, room_24, room_25, room_26, room_27]

Skill      XL: |  1  2  3  4  5  6  7  8 |
---------------+-------------------------+-----
Dodging        | 3 4 6 7 8 |  8.4
Stealth        | 3 4 5 6 7 |  7.5
Spellcasting   | 5 6 8 9 10 12 | 12.4
Fire Magic     | 7 8 9 10 12 13 14 | 14.8
Conjurations   | 2 3 5 |  5.2
Evocations     | 2 3 4 |  4.8

Action                   |  1- 3 |  4- 6 |  7- 9 || total
-------------------------+-------+-------+-------++-------
 Cast: Foxfire           |     1 |       |       ||     1
       Sticky Flame      |       |     2 |       ||     2
       Fireball          |       |     1 |    10 ||    11
Evoke: Wand              |     1 |     6 |     6 ||    13
       Tin of tremorston |       |       |     1 ||     1
  Use: Potion            |       |       |     1 ||     1
Dodge: Dodged            |       |     3 |       ||     3

Table legend: (Time is in decaauts)
 A = Elapsed time spent in this place.
 B = Non-inter-level travel time spent in this place.
 C = Inter-level travel time spent in this place.
 D = Time resting spent in this place.
 E = Time spent auto-exploring this place.
 F = Levels seen in this place.
 G = Mean time per level.
                   A        B        C        D        E       F      G
               +--------+--------+--------+--------+--------+-----+--------+
         Total |    356 |    356 |      0 |    145 |      0 |   1 |  356.0 |
       Dungeon |    356 |    356 |      0 |    145 |      0 |   1 |  356.0 |
               +--------+--------+--------+--------+--------+-----+--------+

Top non-repeatable levels by time:
       D: 356 daAuts
